 Dungeon Crawl Stone Soup version 0.32-a0-738-g1a05c61809 (webtiles) character file.

Game seed: 14765520139840820125

1 Kenran the Ducker (level 1, 0/14 HPs)
             Began as a Minotaur Alchemist on Mar 17, 2024.
             Slain by a goblin
             ... wielding a +0 dagger
              (2 damage)
             ... on level 1 of the Dungeon.
             The game lasted 00:00:11 (51 turns).

Kenran the Ducker (Minotaur Alchemist)                Turns: 51, Time: 00:00:12

Health: 0/14       AC:  2    Str: 12    XL:     1   Next: 16%
Magic:  1/1        EV: 11    Int: 12    God:
Gold:   3          SH:  0    Dex: 10    Spells: 1/2 levels left

rFire   . . .        (no weapon)
rCold   . . .        (no shield)
rNeg    . . .        a - +0 robe
rPois   .            (helmet restricted)
rElec   .            (no cloak)
rCorr   .            (no gloves)
SInv    .            (no boots)
Will    .....        (no amulet)
Stlth   ++           (no ring)
HPRegen 0.22/turn    (no ring)
MPRegen 0.07/turn

%: no passive effects
@: no status effects
A: horns 2, retaliatory headbutt
a: no special abilities


You were on level 1 of the Dungeon.
You visited 1 branch of the dungeon, and saw 1 of its levels.

You collected 3 gold pieces.

Inventory:

Armour
 a - a +0 robe (worn)
Scrolls
 c - a scroll of teleportation {unknown}
Potions
 b - a potion of magic
 d - a potion of invisibility {unknown}


   Skills:
 - Level 2.1 Dodging
 - Level 1.5 Stealth
 + Level 0.4 Unarmed Combat
 - Level 1.3 Spellcasting
 - Level 0.6 Conjurations
 - Level 2.1 Alchemy


You had one spell level left.
You knew the following spells:

 Your Spells              Type           Power      Damage    Failure   Level
a - Sting                 Conj/Alch      16%        1d4       17%         1

Your spell library contained the following spells:

 Spells                   Type           Power      Damage    Failure   Level
 Mercury Vapours          Alch/Air       6%         N/A       28%         2
 Mephitic Cloud           Conj/Alch/Air  3%         N/A       52%         3
 Olgreb's Toxic Radiance  Alch           6%         N/A       75%         4
 Sticky Flame             Fire/Alch      3%         2d4       88%         4


Dungeon Overview and Level Annotations

Branches:
Dungeon (1/15)

Altars:


Innate Abilities, Weirdness & Mutations

You have a pair of horns on your head.
You reflexively headbutt those who attack you in melee.


Message History

Welcome, Kenran the Minotaur Alchemist.
Are you destined to find the fabled Orb of Zot, or to die trying?
Press ? for a list of commands and other information.
Found a scroll labelled CYHYINGIBON and a short sword.
Found a staircase leading out of the dungeon.
c - a scroll labelled CYHYINGIBON You see here a +0 short sword.
You now have 3 gold pieces.
d - a murky cyan potion
Found a stone staircase leading down.
A goblin and a hobgoblin come into view.
The hobgoblin shouts!
You barely miss the hobgoblin. The hobgoblin hits you.
The goblin shouts!
You hit the hobgoblin.
The hobgoblin is moderately wounded.
The hobgoblin hits you.
You are too injured to fight recklessly!
You barely miss the hobgoblin.
The hobgoblin is moderately wounded.
The hobgoblin hits you.
You completely miss the hobgoblin.
The hobgoblin is moderately wounded.
The hobgoblin misses you.
You hit the hobgoblin but do no damage. You headbutt the hobgoblin.
You kill the hobgoblin!
You hit the goblin.
The goblin is severely wounded.
The goblin barely misses you.
You closely miss the goblin. Your punch misses the goblin.
The goblin is severely wounded.
The goblin hits you with a +0 dagger.
You barely miss the goblin.
The goblin is severely wounded.
The goblin hits you with a +0 dagger.
* * * LOW HITPOINT WARNING * * *
You hit the goblin but do no damage.
The goblin is severely wounded.
The goblin hits you with a +0 dagger.
You die...

.# .# # .#.# .#.##
....### .......
#.##########>...##
..........@g.....#
#######.####.......
######.# ......#
###......# #######
#...######
#.####.... ###
##.##..... ###...
#..#....###......
#.##...#......#


You could see a goblin.

Vanquished Creatures
  A hobgoblin (D:1)
1 creature vanquished.

Notes
Turn   | Place    | Note
-------+----------+-------------------------------------------
     0 | D:1      | Kenran the Minotaur Alchemist began the quest for the Orb.
     0 | D:1      | Reached XP level 1. HP: 14/14 MP: 1/1
    51 | D:1      | Slain by a goblin

Illustrated notes

Levels and vault maps discovered:
D:1:      dpeg_arrival_oval, layout_loops_ring, nrook_mini_backslash

Action                     || total
---------------------------++-------
  Melee: Unarmed           ||     9
         Headbutt          ||     1
 Armour: Robe              ||     6
  Dodge: Dodged            ||     2

Table legend: (Time is in decaauts)
 A = Elapsed time spent in this place.
 B = Non-inter-level travel time spent in this place.
 C = Inter-level travel time spent in this place.
 D = Time resting spent in this place.
 E = Time spent auto-exploring this place.
 F = Levels seen in this place.
 G = Mean time per level.
                   A        B        C        D        E       F      G
               +--------+--------+--------+--------+--------+-----+--------+
         Total |     51 |     51 |      0 |      0 |     33 |   1 |   51.0 |
       Dungeon |     51 |     51 |      0 |      0 |     33 |   1 |   51.0 |
               +--------+--------+--------+--------+--------+-----+--------+

Top non-repeatable levels by time:
     D:1: 51 daAuts
